 Dungeon Sprint DCSS version 0.28.0-53-g5a82cb258f (webtiles) character file.

Game seed: 9607019399009945052

8500000 Zeld the Intangible (level 27, -6/228 HPs)
             Began as a Djinni Monk on June 6, 2022.
             Was the Champion of Makhleb.
             Killed by divine providence
             ... invoked by an accursed
              (14 damage)
             ... in the Dungeon (Sprint VIII: "Arena of Blood").
             The game lasted 00:04:39 (85 turns).

Zeld the Intangible (Djinni Monk)                     Turns: 85, Time: 00:04:39

Health: -6/228     AC:  4    Str: 20    XL:     27
Gold:   0          EV: 30    Int: 14    God:    Makhleb [******] SH:  0 Dex: 18

rFire   + + .      SeeInvis .   g - +∞ Axe of Woe
rCold   x . .      Faith    .   (shield currently unavailable)
rNeg    . . .      Spirit   .   a - +0 robe
rPois   ∞          Reflect  .   (no helmet)
rElec   .          Harm     .   (no cloak)
rCorr   .          Rampage  .   (no gloves)
Will    ++...      NoTele   +   (boots unavailable)
Stlth   ++++++++++              (no amulet)
HPRegen 0.48/turn               (no ring)
MPRegen 0.00/turn               (no ring)

@: death channelling, calling dragons, flying
A: sickness immunity, fire resistance 2, cold vulnerability 1, float, innate
caster, HP casting, extra vitality 1
a: Renounce Religion, Minor Destruction, Lesser Servant of Makhleb, Major
Destruction, Greater Servant of Makhleb


You were in the Dungeon.
You worshipped Makhleb.
Makhleb was exalted by your worship.
You visited 1 branch

Inventory:

Hand Weapons
 g - the +∞ Axe of Woe (weapon)
   (You found it in the Dungeon)
Armour
 a - a +0 robe (worn)
Scrolls
 f - a scroll of blinking
Potions
 b - a potion of curing
 c - a potion of heal wounds
 d - a potion of haste
 e - a potion of berserk rage


   Skills:
 O Level 27 Fighting
 O Level 27 Short Blades
 O Level 27 Long Blades
 O Level 27 Axes
 + Level 26.2(27) Maces & Flails
 + Level 26.2(27) Polearms
 O Level 27 Staves
 + Level 24.9(27) Slings
 + Level 24.9 Bows
 + Level 25.0 Crossbows
 + Level 24.9(27) Throwing
 O Level 27 Armour
 O Level 27 Dodging
 O Level 27 Stealth
 O Level 27 Shields
 O Level 27 Unarmed Combat
 O Level 27 Spellcasting
 O Level 27 Invocations
 O Level 27 Evocations


You had 11 spell levels left.
You knew the following spells:

 Your Spells              Type           Power      Damage    Failure   Level
a - Sandblast             Erth           100%       2d20      0%          1
b - Ensorcelled Hibernat  Hex/Ice        100%       N/A       0%          2
c - Tukima's Dance        Hex            76%        N/A       0%          3
d - Hailstorm             Conj/Ice       76%        3d16      0%          4
e - Cause Fear            Hex            38%        N/A       0%          4
f - Alistair's Intoxicat  Tmut/Pois      50%        N/A       0%          5
g - Iron Shot             Conj/Erth      38%        9d8       0%          6
h - Conjure Ball Lightni  Conj/Air       38%        3x3d12    0%          6
i - Death Channel         Necr           38%        N/A       0%          6
j - Dragon Form           Tmut           38%        N/A       1%          7
k - Ozocubu's Refrigerat  Ice            38%        4d12      1%          7
l - Fire Storm            Conj/Fire      38%        8d10      2%          9
m - Dragon's Call         Summ           38%        N/A       2%          9
Your spell library was empty.

Dungeon Overview and Level Annotations

Branches:
Dungeon (1/1)

Altars:
Makhleb


Innate Abilities, Weirdness & Mutations

You are immune to sickness and miasma.
You are immune to poison.
Your flesh is very heat resistant. (rF++)
You are vulnerable to cold. (rC-)
You float through the air rather than walking.
You learn spells naturally, not from books.
Your magical power is your life essence.
You have superior vitality. (+4 MHP)


Message History

The large bag of meat convulses!
Flame seeps out of the large bag of meat.
The meat berserker convulses! x5; The large bag of meat convulses!
Flame seeps out of the large bag of meat.
The large bag of meat convulses!
Flame seeps out of the large bag of meat.
The bag of meat convulses! x2; Your body is wracked with pain!
* * * LOW HITPOINT WARNING * * *
The meat berserker rages.
You hear a shout!
Your spectral bag of meat hits the bag of meat.
Your spectral meat berserker is engulfed in blazing flames.
Your spectral meat berserker fades into mist!
The meat berserker rages.
The large bag of meat is engulfed in blazing flames.
The tentacled monstrosity tentacle-slaps your storm dragon. x2
The tentacled monstrosity tentacle-slaps your storm dragon!
The tentacled monstrosity grabs your storm dragon.
The tentacled monstrosity constricts your storm dragon.
The large bag of meat is engulfed in blazing flames.
The large bag of meat explodes!
The fiery explosion engulfs your spectral bag of meat!!
Your spectral bag of meat is destroyed!
The fiery explosion engulfs the meat beast!!
The fiery explosion engulfs the large bag of meat!!!
The fiery explosion engulfs your spectral bag of meat!!
The fiery explosion engulfs the tyrant!!
The large bag of meat explodes!
The fiery explosion engulfs your spectral bag of meat!!
The fiery explosion engulfs the dread!!
The fiery explosion engulfs the tyrant!!
The fiery explosion engulfs the large abomination!!
You hear a shout!
The destroyer casts a spell at you.
The destroyer blinks!
Your spectral bag of meat is engulfed in blazing flames.
Your spectral bag of meat hits the bag of meat.
The accursed points at you and mumbles some strange words.
Something smites you!
You die...

..............
.............
..LXX.V.....
..MX.X.....


...XoXD.oo #DVXoV.o# . #.XM2ZZZ# . ..###oo2oZ@V###oV. ..XOXO###§Z○W...O
..OXLo)OOO2ZLX.O. o..X#.)oO§#oo.X.. . #zzMoo#MXD... #Xozoz#ooX{.o
....OoDoooM..oo.. ......###X....XD. ..###... ...###... You could see 5
accurseds, 4 tentacled monstrosities, 3 meat beasts, 2 tyrants, 2 eight-headed
meat hydras, 4 destroyers, 3 sculptors of flesh, 13 large abominations, a dread,
9 meat berserkers, 24 bags of meat, a friendly storm dragon (summoned), a
friendly fire dragon (summoned), a friendly quicksilver dragon (summoned), 2
friendly spectral bags of meat, a friendly spectral meat berserker, 2 friendly
spectral large bags of meat and a friendly spectral meat beast.

Vanquished Creatures
  2 hell beasts (D)
  A royal mummy (D)
  11 vampire knights (D)
  32 ogres (D)
  3 two-headed ogres (D)
  A lich (D)
  42 orcs (D)
  A skeletal warrior (D)
93 creatures vanquished.

Vanquished Creatures (others)
  2 two-headed ogres (D)
  3 ball lightnings (D)
  6 fire vortices (D)
11 creatures vanquished.

Grand Total: 104 creatures vanquished

Notes
Turn   | Place    | Note
-------+----------+-------------------------------------------
     0 | D        | Found the +∞ Axe of Woe
     0 | D        | Zeld the Djinni Monk began the quest for the Orb.
     0 | D        | Reached XP level 1. HP: 20/20 MP: 0/0
     1 | D        | Noticed a meat berserker
     2 | D        | Noticed a bag of meat
     2 | D        | Noticed a bag of meat
     3 | D        | Noticed a bag of meat
     5 | D        | Killed a meat berserker
     6 | D        | Reached skill level 15 in Dodging
     6 | D        | Reached skill level 5 in Stealth
     6 | D        | Reached XP level 2. HP: 42/42 MP: 0/0
     6 | D        | Reached XP level 3. HP: 48/48 MP: 0/0
     6 | D        | Learned a level 1 spell: Sandblast
     6 | D        | Reached XP level 4. HP: 54/54 MP: 0/0
     6 | D        | Reached XP level 5. HP: 59/59 MP: 0/0
     6 | D        | Learned a level 2 spell: Ensorcelled Hibernation
     6 | D        | Reached XP level 6. HP: 66/66 MP: 0/0
     6 | D        | Reached XP level 7. HP: 71/71 MP: 0/0
     6 | D        | Learned a level 3 spell: Tukima's Dance
     6 | D        | Reached XP level 8. HP: 77/77 MP: 0/0
     6 | D        | Reached XP level 9. HP: 83/83 MP: 0/0
     6 | D        | Learned a level 4 spell: Hailstorm
     6 | D        | Reached XP level 10. HP: 89/89 MP: 0/0
     6 | D        | Reached XP level 11. HP: 94/94 MP: 0/0
     6 | D        | Learned a level 4 spell: Cause Fear
     6 | D        | Reached XP level 12. HP: 101/101 MP: 0/0
     6 | D        | Became a worshipper of Makhleb the Destroyer
     6 | D        | Reached * piety under Makhleb
     6 | D        | Reached ** piety under Makhleb
     7 | D        | Noticed a bag of meat
     8 | D        | Killed a bag of meat
     9 | D        | Reached skill level 15 in Fighting
     9 | D        | Reached skill level 10 in Spellcasting
     9 | D        | Reached skill level 5 in Invocations
     9 | D        | Reached XP level 13. HP: 93/109 MP: 0/0
     9 | D        | Learned a level 5 spell: Alistair's Intoxication
     9 | D        | Killed a bag of meat
     9 | D        | Noticed a meat berserker
     9 | D        | Noticed a bag of meat
    10 | D        | Reached skill level 15 in Unarmed Combat
    10 | D        | Noticed a bag of meat
    10 | D        | Noticed a bag of meat
    11 | D        | Noticed a meat berserker
    11 | D        | Noticed a bag of meat
    11 | D        | Noticed a meat berserker
    12 | D        | Killed a meat berserker
    12 | D        | Noticed a bag of meat
    12 | D        | Noticed a meat berserker
    13 | D        | Reached skill level 10 in Invocations
    13 | D        | Reached XP level 14. HP: 121/121 MP: 0/0
    13 | D        | Killed a bag of meat
    13 | D        | Reached *** piety under Makhleb
    13 | D        | Noticed a bag of meat
    14 | D        | Killed a meat berserker
    14 | D        | Noticed a bag of meat
    14 | D        | Noticed a bag of meat
    14 | D        | Noticed a bag of meat
    15 | D        | Reached XP level 15. HP: 130/130 MP: 0/0
    15 | D        | Learned a level 6 spell: Iron Shot
    15 | D        | Noticed a meat berserker
    15 | D        | Noticed a meat berserker
    16 | D        | Killed a meat berserker
    16 | D        | Reached **** piety under Makhleb
    16 | D        | Noticed a meat berserker
    17 | D        | Reached skill level 15 in Axes
    17 | D        | Reached XP level 16. HP: 95/139 MP: 0/0
    17 | D        | Killed a meat berserker
    18 | D        | Reached skill level 15 in Spellcasting
    18 | D        | Reached skill level 15 in Invocations
    18 | D        | Reached ***** piety under Makhleb
    19 | D        | Reached XP level 17. HP: 149/149 MP: 0/0
    19 | D        | Learned a level 6 spell: Conjure Ball Lightning
    19 | D        | Noticed a destroyer
    20 | D        | Killed a meat berserker
    20 | D        | Killed a meat berserker
    21 | D        | Reached XP level 18. HP: 146/161 MP: 0/0
    21 | D        | Killed a meat berserker
    21 | D        | Noticed a meat berserker
    21 | D        | Noticed a meat berserker
    22 | D        | Noticed a meat berserker
    23 | D        | Reached ****** piety under Makhleb
    24 | D        | Reached XP level 19. HP: 169/169 MP: 0/0
    24 | D        | Learned a level 6 spell: Death Channel
    24 | D        | Killed a destroyer
    25 | D        | Reached skill level 27 in Dodging
    25 | D        | Killed a meat berserker
    26 | D        | Reached skill level 27 in Fighting
    26 | D        | Reached skill level 27 in Axes
    26 | D        | Reached XP level 20. HP: 181/181 MP: 0/0
    26 | D        | Killed a meat berserker
    26 | D        | Killed a meat berserker
    27 | D        | Reached skill level 10 in Stealth
    28 | D        | Reached skill level 27 in Unarmed Combat
    30 | D        | Reached skill level 27 in Invocations
    31 | D        | Reached XP level 21. HP: 187/187 MP: 0/0
    31 | D        | Learned a level 7 spell: Dragon Form
    31 | D        | Noticed a destroyer
    31 | D        | Killed a destroyer
    31 | D        | Noticed a destroyer
    32 | D        | Reached skill level 27 in Spellcasting
    33 | D        | Noticed a large bag of meat
    33 | D        | Noticed a destroyer
    34 | D        | Noticed a destroyer
    34 | D        | Killed a destroyer
    34 | D        | Noticed a meat berserker
    36 | D        | Noticed a meat berserker
    37 | D        | Killed a meat berserker
    37 | D        | Killed a destroyer
    37 | D        | Noticed a destroyer
    38 | D        | Reached skill level 27 in Stealth
    38 | D        | Reached XP level 22. HP: 194/194 MP: 0/0
    40 | D        | Reached skill level 5 in Slings
    40 | D        | Reached skill level 5 in Bows
    40 | D        | Reached skill level 5 in Crossbows
    40 | D        | Reached skill level 5 in Throwing
    41 | D        | Killed a destroyer
    41 | D        | Noticed a meat berserker
    42 | D        | Reached XP level 23. HP: 201/201 MP: 0/0
    42 | D        | Learned a level 7 spell: Ozocubu's Refrigeration
    44 | D        | Reached skill level 10 in Short Blades
    44 | D        | Reached skill level 10 in Long Blades
    44 | D        | Reached skill level 10 in Armour
    44 | D        | Reached skill level 10 in Shields
    44 | D        | Reached skill level 10 in Evocations
    44 | D        | Noticed an accursed
    46 | D        | Reached skill level 10 in Staves
    46 | D        | Noticed a destroyer
    46 | D        | Noticed a large bag of meat
    47 | D        | Killed a large bag of meat
    47 | D        | Noticed a tyrant
    48 | D        | Reached skill level 10 in Maces & Flails
    48 | D        | Reached skill level 10 in Polearms
    48 | D        | Reached skill level 10 in Slings
    48 | D        | Reached skill level 10 in Bows
    48 | D        | Reached skill level 10 in Crossbows
    48 | D        | Reached skill level 10 in Throwing
    49 | D        | Killed an accursed
    49 | D        | Killed a destroyer
    50 | D        | Reached skill level 15 in Armour
    50 | D        | Reached XP level 24. HP: 100/208 MP: 0/0
    50 | D        | Killed a large bag of meat
    51 | D        | Reached skill level 15 in Short Blades
    51 | D        | Reached skill level 15 in Long Blades
    52 | D        | Killed a destroyer
    52 | D        | Noticed a large bag of meat
    53 | D        | Reached skill level 15 in Maces & Flails
    53 | D        | Reached skill level 15 in Polearms
    53 | D        | Reached skill level 15 in Staves
    53 | D        | Reached XP level 25. HP: 180/214 MP: 0/0
    53 | D        | Learned a level 9 spell: Fire Storm
    56 | D        | Reached skill level 15 in Slings
    56 | D        | Reached skill level 15 in Bows
    56 | D        | Reached skill level 15 in Crossbows
    56 | D        | Reached skill level 15 in Throwing
    56 | D        | Noticed a large bag of meat
    58 | D        | Noticed a destroyer
    58 | D        | Killed a tyrant
    59 | D        | Noticed an accursed
    60 | D        | Noticed a destroyer
    60 | D        | Noticed a tyrant
    61 | D        | Killed a destroyer
    61 | D        | Noticed an accursed
    62 | D        | Reached XP level 26. HP: 221/221 MP: 0/0
    63 | D        | Noticed a tyrant
    63 | D        | Noticed a meat beast
    64 | D        | Noticed a destroyer
    67 | D        | Reached XP level 27. HP: 205/228 MP: 0/0
    67 | D        | Learned a level 9 spell: Dragon's Call
    67 | D        | Killed a meat beast
    69 | D        | Noticed a meat beast
    69 | D        | Noticed an accursed
    70 | D        | Noticed a destroyer
    71 | D        | Noticed a large bag of meat
    71 | D        | Noticed a dread
    72 | D        | Noticed a destroyer
    73 | D        | Noticed a large bag of meat
    74 | D        | Noticed a destroyer
    74 | D        | Noticed an accursed
    75 | D        | Killed a destroyer
    75 | D        | Noticed a destroyer
    76 | D        | Killed a large bag of meat
    77 | D        | Noticed a meat beast
    77 | D        | Noticed a destroyer
    78 | D        | Noticed a meat beast
    80 | D        | Killed a meat beast
    80 | D        | Killed a destroyer
    80 | D        | Noticed an accursed
    81 | D        | Reached skill level 27 in Short Blades
    81 | D        | Reached skill level 27 in Long Blades
    81 | D        | Reached skill level 27 in Armour
    81 | D        | Reached skill level 27 in Shields
    81 | D        | Reached skill level 27 in Evocations
    81 | D        | Noticed a meat beast
    81 | D        | Noticed a tyrant
    84 | D        | Reached skill level 27 in Staves
    84 | D        | HP: 7/228 [accursed/divine providence (13)]
    85 | D        | Killed a destroyer
    85 | D        | Killed a large bag of meat
    85 | D        | Killed a large bag of meat
    85 | D        | Killed from afar by an accursed

Illustrated notes

Levels and vault maps discovered:
D:        meatsprint

Skill      XL: |  1  2  3  4  5  6  7  8  9 10 11 12 13 14 15 16 17 18 19 20 21 22 23 24 25 26 27 |
---------------+----------------------------------------------------------------------------------+-----
Fighting       | 14 15 18 19 20 22 24 25 27 | 27.0
Axes           | 11 13 14 15 18 21 23 27 | 27.0
Dodging        | 15 16 18 20 21 23 25 26 27 | 27.0
Stealth        | 5 6 7 8 9 12 27 | 27.0
Unarmed Combat | 14 16 18 19 21 22 23 25 27 | 27.0
Spellcasting   | 9 10 12 13 14 16 17 18 20 26 27 | 27.0
Invocations    | 5 10 12 14 16 19 21 23 27 | 27.0
Short Blades   | 9 14 16 19 21 27 | 27.0
Long Blades    | 9 14 16 19 21 27 | 27.0
Maces & Flails | 8 13 15 18 20 26 | 26.2
Polearms       | 8 13 15 18 20 26 | 26.2
Staves         | 8 13 15 18 20 27 | 27.0
Slings         | 8 12 14 17 18 24 | 24.9
Bows           | 8 12 14 17 18 24 | 24.9
Crossbows      | 8 12 14 17 18 25 | 25.0
Throwing       | 8 12 14 17 18 24 | 24.9
Armour         | 9 15 17 20 22 27 | 27.0
Shields        | 9 14 17 20 22 27 | 27.0
Evocations     | 9 14 17 20 22 27 | 27.0

Action                   |  1- 3 |  4- 6 |  7- 9 | 10-12 | 13-15 | 16-18 | 19-21 | 22-24 | 25-27 || total
-------------------------+-------+-------+-------+-------+-------+-------+-------+-------+-------++-------
Melee: Executioner's axe |     1 |       |       |     1 |     5 |     6 |    11 |    10 |    24 ||    58
 Cast: Hailstorm         |       |       |       |       |     1 |       |       |       |       ||     1
       Conjure Ball Ligh |       |       |       |       |       |     1 |       |       |       ||     1
       Death Channel     |       |       |       |       |       |       |     1 |       |       ||     1
       Fire Storm        |       |       |       |       |       |       |       |       |     2 ||     2
       Dragon's Call     |       |       |       |       |       |       |       |       |     1 ||     1
 Stab: Distracted        |       |       |       |       |       |       |     1 |       |     2 ||     3
Armor: Robe              |       |       |       |       |       |       |       |       |     1 ||     1
Dodge: Dodged            |       |       |       |       |     1 |     1 |       |     1 |     7 ||    10
